Map: Acid Plant LE

Players

DnS

  • Race: Protoss Protoss
  • Spawn Location: 11:00

Ryung - Winner!

  • Race: Terran Terran
  • Spawn Location: 5:00

Event: IEM Season 12 - Katowice

VOD

Have the link to the VOD?

Description

Time

  • Played on: Feb. 26, 2018, 8:52 a.m.
  • Length: 10:34

All games in this series

Show
View Real Time Build Order
Export as new Build Order

DnS Protoss 

Build Orders: 1 Gate Expand, Oracle Opening, Phoenix Opening, Zealot Archon 

Get SALT Encoding   

  12  0:00  Probe  
  13  0:12  Probe  
  14  0:20  Pylon  
  14  0:24  Probe  
  15  0:38  Probe (Chrono Boost)  
  15  0:41  Gateway  
  16  0:47  Probe (Chrono Boost)  
  16  0:49  Assimilator  
  17  0:52  Probe (Chrono Boost)  
  19  1:04  Probe  
  19  1:16  Probe  
  20  1:24  Nexus  
  20  1:34  Cybernetics Core  
  20  1:37  Probe  
  21  1:43  Assimilator  
  21  1:49  Probe  
  21  1:52  Pylon  
  22  2:01  Probe  
  23  2:08  Adept (Chrono Boost)  
  23  2:13  Probe  
  26  2:19  Stargate  
  26  2:25  Probe  
  26  2:27  Adept (Chrono Boost)  
  29  2:38  Probe x2  
  31  2:50  Probe x2  
  33  3:02  Probe x2  
  33  3:04  Oracle (Chrono Boost)  
  34  3:09  Warp Gate (Chrono Boost)  
  37  3:14  Probe x2, Adept  
  41  3:25  Pylon  
  41  3:26  Probe x2  
  43  3:34  Phoenix  
  45  3:38  Probe  
  45  3:39  Probe  
  45  3:50  Probe  
  45  3:51  Assimilator  
  45  3:52  Probe, Forge  
  45  3:53  Gateway  
  47  4:02  Probe  
  48  4:03  Phoenix  
  48  4:04  Probe  
  51  4:12  Pylon  
  51  4:14  Probe, Gateway  
  51  4:16  Probe  
  53  4:21  Assimilator  
  53  4:23  Pylon  
  53  4:26  Probe  
  53  4:30  Probe, Protoss Ground Armor Level 1 (Chrono Boost)  
  52  4:33  Phoenix (Chrono Boost)  
  54  4:39  Probe  
  54  4:41  Twilight Council  
  54  4:44  Probe  
  56  4:54  Phoenix (Chrono Boost)  
  56  4:58  Nexus  
  58  5:02  Probe x2  
  60  5:09  Sentry, Charge  
  60  5:11  Adept x2  
  66  5:22  Pylon  
  66  5:26  Gateway  
  66  5:30  Gateway  
  66  5:31  Gateway  
  66  5:33  Probe  
  66  5:34  Probe  
  60  5:45  Probe  
  60  5:46  Probe  
  62  5:57  Probe  
  62  5:58  Probe  
  62  6:01  Sentry x2, Templar Archives  
  68  6:06  Zealot  
  68  6:09  Probe  
  68  6:10  Probe  
  72  6:18  Phoenix  
  74  6:19  Probe  
  74  6:21  Probe  
  74  6:22  Probe  
  77  6:31  Probe, Zealot x3  
  84  6:33  Probe  
  84  6:34  Probe  
  86  6:40  Zealot x2  
  90  6:51  High Templar  
  90  6:54  Pylon, High Templar  
  92  6:57  Gateway  
  92  6:58  Protoss Ground Armor Level 2 (Chrono Boost), Archon  
  92  6:59  Gateway  
  92  7:01  Pylon  
  92  7:02  Probe  
  92  7:05  Pylon  
  93  7:09  Probe  
  93  7:14  Zealot  
  77  7:23  Probe  
  77  7:27  Probe  
  63  7:39  Probe x3  
  63  7:42  Zealot x2, High Templar x2  
  72  7:47  Archon  
  72  7:51  Probe (Chrono Boost), Pylon  
  74  7:52  Probe (Chrono Boost), Pylon  
  74  7:55  Probe (Chrono Boost)  
  75  8:01  Probe (Chrono Boost)  
  75  8:02  Probe (Chrono Boost)  
  75  8:04  Probe (Chrono Boost)  
  75  8:05  High Templar x2  
  82  8:07  Probe x2 (Chrono Boost), Zealot x2  
  82  8:09  Probe (Chrono Boost), Archon  
  89  8:17  Probe x2  
  91  8:21  Probe  
  91  8:25  Zealot x4  
  100  8:29  Probe x2  
  100  8:33  Probe  
  103  8:40  Zealot  
  103  8:41  Zealot x3  
  111  8:44  Pylon  
  111  8:52  Probe x3  
  114  8:56  Zealot x4  
  122  9:05  Stalker x2  
  126  9:16  Zealot x3  
  132  9:22  Pylon x2  
  132  9:32  Probe  
  132  9:38  Probe  
  130  9:41  Zealot x8  
  130  9:44  Probe  
  147  9:47  Pylon  
  147  9:48  Pylon  
  147  10:02  Stalker  
  149  10:13  Zealot x7  
Show
View Real Time Build Order
Export as new Build Order

Ryung Terran - Winner!

Build Orders: Reaper Expand, MMM Bio 

Get SALT Encoding   

  12  0:00  SCV  
  13  0:13  SCV  
  14  0:17  Supply Depot  
  14  0:25  SCV  
  15  0:38  SCV  
  15  0:40  Barracks  
  16  0:43  Refinery  
  16  0:50  SCV  
  17  1:03  SCV  
  18  1:15  SCV  
  19  1:27  Reaper, Orbital Command  
  20  1:44  Command Center  
  20  1:53  SCV  
  21  1:59  Supply Depot, Marine  
  22  2:08  Factory  
  22  2:10  SCV  
  23  2:20  Marine  
  23  2:22  SCV  
  25  2:25  Barracks  
  25  2:34  SCV  
  26  2:42  Marine  
  27  2:46  SCV  
  28  2:53  Widow Mine  
  28  2:54  Starport, Refinery  
  30  3:00  Orbital Command  
  30  3:01  SCV  
  30  3:04  Marine  
  31  3:13  SCV, Marine  
  31  3:15  Widow Mine  
  35  3:23  Marine  
  35  3:26  Supply Depot  
  36  3:27  SCV  
  36  3:28  SCV  
  36  3:31  Marine  
  39  3:35  Viking  
  41  3:41  SCV x2  
  43  3:50  Barracks Reactor, Barracks Tech Lab  
  43  3:53  SCV, Refinery  
  43  3:54  SCV  
  43  3:55  Supply Depot  
  45  4:06  SCV x2  
  45  4:09  Engineering Bay  
  45  4:15  Stimpack, Marine  
  46  4:18  SCV x2, Medivac  
  46  4:19  Widow Mine  
  52  4:30  SCV x2  
  54  4:33  Marine x3  
  54  4:34  Bunker, Liberator  
  54  4:38  Terran Infantry Weapons Level 1  
  57  4:39  Supply Depot  
  57  4:44  SCV x2  
  59  4:50  Supply Depot  
  62  4:56  Factory Reactor  
  62  5:00  Marine x3  
  62  5:02  SCV x2  
  62  5:06  Supply Depot  
  67  5:14  SCV x2  
  67  5:16  Command Center  
  67  5:19  Marine x3  
  72  5:24  Supply Depot  
  72  5:26  SCV  
  72  5:27  SCV  
  74  5:39  SCV x2  
  76  5:45  Medivac x2, Barracks  
  78  5:50  Barracks  
  78  5:51  SCV x2  
  78  5:52  Barracks  
  78  5:55  Marine  
  78  5:56  Marine x2  
  81  5:58  Factory Reactor  
  81  6:02  Missile Turret  
  81  6:03  Missile Turret, SCV  
  81  6:05  SCV  
  82  6:13  Supply Depot  
  82  6:14  Supply Depot  
  82  6:15  SCV  
  82  6:16  Marine x3  
  82  6:17  SCV  
  86  6:27  SCV  
  86  6:29  SCV  
  86  6:37  Orbital Command  
  86  6:39  SCV  
  86  6:41  SCV  
  86  6:42  Barracks Tech Lab  
  86  6:43  Barracks Reactor, Marine x2  
  86  6:45  Marauder  
  91  6:49  Terran Infantry Armor Level 1  
  91  6:51  Supply Depot  
  91  6:52  Widow Mine x2, Medivac x2  
  91  6:53  Refinery  
  96  6:54  Missile Turret  
  96  6:59  SCV x2  
  98  7:03  Marine x2  
  98  7:04  Marauder  
  98  7:07  Marauder  
  104  7:11  SCV  
  105  7:19  Marine x2  
  105  7:21  Marine x2  
  105  7:22  Widow Mine x2, Medivac x2  
  117  7:25  Marauder  
  117  7:28  Marauder  
  116  7:34  SCV x2  
  116  7:36  Armory  
  116  7:37  Engineering Bay  
  105  7:40  Marine x3  
  105  7:43  SCV  
  102  7:46  SCV x2, Marauder, Concussive Shells  
  102  7:48  Combat Shields  
  102  7:49  Marauder  
  102  7:50  Widow Mine  
  110  7:52  Widow Mine  
  110  7:56  Marine  
  110  7:57  Marine  
  110  7:58  SCV x3  
  117  7:59  Refinery  
  117  8:04  Bunker  
  117  8:06  Marine x2  
  117  8:10  SCV x3  
  122  8:15  Marauder x2  
  126  8:22  SCV, Barracks  
  126  8:23  Barracks  
  126  8:24  Barracks  
  127  8:29  Marine x3  
  127  8:30  Marine, Barracks Tech Lab  
  131  8:40  Ghost Academy  
  131  8:41  Supply Depot, Marauder  
  133  8:43  Supply Depot x2  
  133  8:57  Supply Depot  
  133  9:01  Supply Depot  
  133  9:02  Supply Depot, Marine x4  
  133  9:03  Marauder x2  
  133  9:05  Marauder  
  143  9:11  Barracks Tech Lab x2  
  143  9:12  Barracks Reactor  
  143  9:22  Marine x4  
  143  9:23  Ghost x2, Refinery  
  146  9:25  Ghost  
  146  9:29  Medivac x2  
  156  9:35  Command Center  
  155  9:41  Ghost, Marine x2  
  155  9:42  Marine x2  
  155  9:45  Supply Depot  
  161  9:46  Supply Depot  
  161  9:47  Bunker  
  161  9:55  Ghost x2  
  161  9:57  Marine, Marauder x2  
  161  9:58  Missile Turret, Marine  
  161  9:59  Marine x2  
  173  10:00  Missile Turret  
  173  10:06  Command Center  

Tags
 
Add a new tag
Caveats
  • Supply blocks, unpowered buildings, or Contaminate may cause inaccurate times.
  • Supply counts are checked every 10 seconds.